 Dungeon Crawl Stone Soup version 0.31.0-32-g396128a36d (webtiles) character file.

Game seed: 2129199225990343614

169 601d51SH the Shield-Bearer (level 5, -1/47 HPs)
             Began as a Gnoll Fighter on Apr 2, 2024.
             Slain by Natasha (6 damage)
             ... on level 2 of the Dungeon.
             The game lasted 00:03:35 (1486 turns).

601d51SH the Shield-Bearer (Gnoll Fighter)          Turns: 1486, Time: 00:03:35

Health: -1/47      AC:  7    Str: 18    XL:     5   Next: 50%
Magic:  7/7        EV:  9    Int:  7    God:
Gold:   99         SH:  5    Dex: 11    Spells: 7/7 levels left

rFire   . . .        a - +0 war axe
rCold   . . .        c - +0 buckler
rNeg    . . .        b - +0 scale mail
rPois   .            (no helmet)
rElec   .            (no cloak)
rCorr   .            (no gloves)
SInv    .            (no boots)
Will    .....        (no amulet) Stlth
                     (no ring)
HPRegen 0.27/turn    (no ring)
MPRegen 0.10/turn

%: no passive effects
@: slowed, very slow
A: fangs 1, strong nose, distributed training
a: no special abilities


You were on level 2 of the Dungeon.
You visited 1 branch of the dungeon, and saw 3 of its levels.

You collected 99 gold pieces.

Inventory:

Hand Weapons
 a - a +0 war axe (weapon)
Missiles
 k - 2 throwing nets (quivered)
Armour
 b - a +0 scale mail (worn)
 c - a +0 buckler (worn)
Scrolls
 e - a scroll of teleportation {unknown}
 f - 3 scrolls of identify {unknown}
 j - a scroll of revelation {unknown}
 m - a scroll of enchant weapon {unknown}
 n - a scroll of fear {unknown}
Potions
 d - a potion of might
 g - 2 potions of cancellation {unknown}
 h - a potion of heal wounds {unknown}
 i - a potion of curing {unknown}
 l - 2 potions of brilliance {unknown}


   Skills:
 + Level 6.7 Fighting
 + Level 1.6 Short Blades
 + Level 1.6 Long Blades
 + Level 4.8 Axes
 + Level 1.6 Maces & Flails
 + Level 1.6 Polearms
 + Level 1.6 Staves
 + Level 1.6 Ranged Weapons
 + Level 1.6 Throwing
 + Level 6.7 Armour
 + Level 1.6 Dodging
 + Level 1.6 Stealth
 + Level 6.7 Shields
 + Level 1.6 Unarmed Combat
 + Level 1.6 Spellcasting
 + Level 1.2 Conjurations
 + Level 1.2 Hexes
 + Level 1.2 Summonings
 + Level 1.2 Necromancy
 + Level 1.2 Translocations
 + Level 1.2 Fire Magic
 + Level 1.2 Ice Magic
 + Level 1.2 Air Magic
 + Level 1.2 Earth Magic
 + Level 1.2 Alchemy
 + Level 1.8 Invocations
 + Level 1.6 Evocations
 + Level 1.4 Shapeshifting


You had 7 spell levels left.
You didn't know any spells.
Your spell library contained the following spells:

 Spells                   Type           Power      Damage    Failure   Level
 Shock                    Conj/Air       8%         1d3       63%         1
 Inner Flame              Hex/Fire       2%         N/A       94%         3
 Swiftness                Air            2%         N/A       94%         3
 Airstrike                Air            1%         2d(1-17)  100%        4
 Irradiate                Conj/Alch      1%         3d12      100%        5
 Ignition                 Fire           1%         3d3       100%        8


Dungeon Overview and Level Annotations

Branches:
Dungeon (3/15)

Altars:
Uskayaw

Annotations:
D:2 Natasha
D:3 Grinder


Innate Abilities, Weirdness & Mutations

You have very sharp teeth.
Your uncanny sense of smell can sniff out nearby items.
Your experience applies equally to all skills.


Message History

There is a stone staircase leading up here.
You climb upwards.
There is a stone staircase leading down here.
There is a stone staircase leading up here.
Natasha, Servant of Life and Death comes into view.
She is carrying a wand of flame.
Natasha hisses angrily.
Natasha zaps a wand.
The puff of flame hits you.
Natasha stares at you and mumbles some strange words.
The magic dart hits you.
Natasha zaps a wand.
The puff of flame hits you. Natasha claws you but does no damage.
You barely miss Natasha.
Natasha stares at you and mumbles some strange words.
You feel yourself slow down.
You closely miss Natasha.
Natasha stares at you and mumbles some strange words.
The magic dart hits you. You block Natasha's attack.
You slash Natasha!
Natasha is almost dead.
Natasha casts a spell at you. The magic dart hits you! Natasha claws you.
You closely miss Natasha. Your bite misses Natasha.
Natasha is almost dead.
Natasha zaps a wand.
The puff of flame hits you!
* * * LOW HITPOINT WARNING * * *
Natasha barely misses you.
You barely miss Natasha. Your bite misses Natasha.
Natasha is almost dead.
Natasha zaps a wand.
The puff of flame hits you.
* * * LOW HITPOINT WARNING * * *
Natasha claws you.
* * * LOW HITPOINT WARNING * * *
You closely miss Natasha.
Natasha is almost dead.
Natasha claws you but does no damage. Natasha closely misses you.
You barely miss Natasha.
Natasha is almost dead.
Natasha claws you.
You die...
Natasha begins licking her fur clean.

### ..############ #####
#......#.....###...#
...............#...#
...................#
............)).....#
.............).....#############
............)......#.....#.(...##
...............h@...............#
.................................
....†............................
.............#...................
.......#....##...................
###.....#.#......................
###..##.#†####..................#
......#.#.#....................##
.####.#......#...........#.....#


You could see Natasha.

Vanquished Creatures
  Terence (D:3)
  Natasha (twice) (D:2)
  4 gnolls (D:2)
  2 dart slugs (D:1)
  3 orcs (D:3)
  3 bats
  7 endoplasms
  A giant cockroach (D:2)
  4 goblins
  3 hobgoblins (D:1)
  2 quokkas
  4 ball pythons
  6 frilled lizards
  3 kobolds (D:1)
  5 rats
50 creatures vanquished.

Notes
Turn   | Place    | Note
-------+----------+-------------------------------------------
     0 | D:1      | 601d51SH the Gnoll Fighter began the quest for the Orb.
     0 | D:1      | Reached XP level 1. HP: 23/23 MP: 1/1
   108 | D:1      | Reached XP level 2. HP: 23/29 MP: 2/2
   332 | D:1      | Reached XP level 3. HP: 33/35 MP: 3/3
   601 | D:2      | Noticed Natasha
   684 | D:2      | Killed Natasha
   685 | D:2      | Reached skill level 1 in Short Blades
   685 | D:2      | Reached skill level 1 in Long Blades
   685 | D:2      | Reached skill level 1 in Maces & Flails
   685 | D:2      | Reached skill level 1 in Polearms
   685 | D:2      | Reached skill level 1 in Staves
   685 | D:2      | Reached skill level 1 in Ranged Weapons
   685 | D:2      | Reached skill level 1 in Throwing
   685 | D:2      | Reached skill level 1 in Dodging
   685 | D:2      | Reached skill level 1 in Stealth
   685 | D:2      | Reached skill level 1 in Unarmed Combat
   685 | D:2      | Reached skill level 1 in Spellcasting
   685 | D:2      | Reached skill level 1 in Invocations
   685 | D:2      | Reached skill level 1 in Evocations
   770 | D:2      | Reached skill level 1 in Shapeshifting
   770 | D:2      | Reached XP level 4. HP: 41/41 MP: 5/5
   836 | D:2      | Reached skill level 1 in Conjurations
   836 | D:2      | Reached skill level 1 in Hexes
   836 | D:2      | Reached skill level 1 in Summonings
   836 | D:2      | Reached skill level 1 in Necromancy
   836 | D:2      | Reached skill level 1 in Translocations
   836 | D:2      | Reached skill level 1 in Fire Magic
   836 | D:2      | Reached skill level 1 in Ice Magic
   836 | D:2      | Reached skill level 1 in Air Magic
   836 | D:2      | Reached skill level 1 in Earth Magic
   836 | D:2      | Reached skill level 1 in Alchemy
   968 | D:2      | Noticed Natasha
   978 | D:2      | Killed Natasha
   979 | D:2      | Reached XP level 5. HP: 14/47 MP: 5/7
  1279 | D:3      | Noticed Terence
  1296 | D:3      | Killed Terence
  1391 | D:3      | Found a hide-covered altar of Uskayaw.
  1392 | D:3      | Noticed Grinder
  1475 | D:2      | Noticed Natasha
  1486 | D:2      | Slain by Natasha

Illustrated notes

Levels and vault maps discovered:
D:1:      wander_arrival_desolate, layout_basic
D:2:      layout_rooms, uniq_natasha
D:3:      layout_loops_ring, mainiacjoe_overflow_brackets, serial_shops,
          nicolae_shop_drivethru, uniq_crazy_yiuf_cottage, uniq_terence,
          uniq_grinder

Skill      XL: |  1  2  3  4 |
---------------+-------------+-----
Short Blades   | 1 |  1.6
Long Blades    | 1 |  1.6
Maces & Flails | 1 |  1.6
Polearms       | 1 |  1.6
Staves         | 1 |  1.6
Ranged Weapons | 1 |  1.6
Throwing       | 1 |  1.6
Dodging        | 1 |  1.6
Stealth        | 1 |  1.6
Unarmed Combat | 1 |  1.6
Spellcasting   | 1 |  1.6
Invocations    | 1 |  1.8
Evocations     | 1 |  1.6
Shapeshifting  | 1 |  1.4
Conjurations   | 1 |  1.2
Hexes          | 1 |  1.2
Summonings     | 1 |  1.2
Necromancy     | 1 |  1.2
Translocations | 1 |  1.2
Fire Magic     | 1 |  1.2
Ice Magic      | 1 |  1.2
Air Magic      | 1 |  1.2
Earth Magic    | 1 |  1.2
Alchemy        | 1 |  1.2
Fighting       | |  6.7
Axes           | |  4.8
Armour         | |  6.7
Shields        | |  6.7

Action                     |  1- 3 |  4- 6 || total
---------------------------+-------+-------++-------
  Melee: War axe           |    68 |    59 ||   127
         Bite              |     7 |     4 ||    11
 Armour: Scale mail        |    44 |    60 ||   104
  Dodge: Dodged            |    31 |    30 ||    61
  Block: Buckler           |    16 |    17 ||    33
